 Dungeon Crawl Stone Soup version 0.21.1-1-g345015fe64 (webtiles) character file.

203 Oravi the Insei (level 5, 0/38 HPs)
             Began as a Merfolk Transmuter on May 7, 2018.
             Was a Follower of Okawaru.
             Slain by Dracia's ghost (3 damage)
             ... on level 4 of the Dungeon.
             The game lasted 00:11:07 (2597 turns).

Oravi the Insei (Merfolk Transmuter)                Turns: 2597, Time: 00:11:08

Health: 0/38       AC:  2    Str: 10    XL:     5   Next: 81%
Magic:  8/8        EV: 14    Int: 13    God:    Okawaru [*.....]
Gold:   170        SH:  0    Dex: 15    Spells: 4/9 levels left

rFire    . . .     SeeInvis .     - Unarmed
rCold    . . .     Gourm    .   (no shield)
rNeg     . . .     Faith    .   b - +0 robe
rPois    .         Spirit   .   (no helmet)
rElec    .         Reflect  .   (no cloak)
rCorr    .         Harm     .   (no gloves)
MR       .....                  (no boots)
Stlth    +.........             j - amulet of magic regeneration
HPRegen  0.12/turn              (no ring)
MPRegen  0.36/turn              (no ring)

@: no status effects
A: change form in water, swift swim, stealthy swim
a: Heroism, Renounce Religion


You were on level 4 of the Dungeon.
You worshipped Okawaru.
Okawaru was aware of your devotion.
You were not hungry.

You visited 1 branch of the dungeon, and saw 4 of its levels.

You collected 170 gold pieces.

Inventory:

Missiles
 a - 65 arrows
Armour
 b - a +0 robe (worn)
 r - a cursed +0 leather armour
Jewellery
 h - an uncursed amulet of rage
 j - an amulet of magic regeneration (around neck)
 v - an uncursed amulet of the gourmand
Scrolls
 f - 4 scrolls of teleportation
Potions
 g - 2 potions of lignification
 m - 2 potions of curing {unknown}
 n - a potion of invisibility {unknown}
 o - a potion of heal wounds {unknown}
 p - a potion of brilliance {unknown}
 t - a potion of might {unknown}
 u - a potion of haste {unknown}
Books
 c - a book of Changes

   Spells                             Type                      Level
   a - Beastly Appendage              Transmutation                1
   b - Sticks to Snakes               Transmutation                2
   c - Spider Form                    Transmutation/Poison         3
   d - Ice Form                       Ice/Transmutation            4
   e - Blade Hands                    Transmutation                5
Comestibles
 d - 12 rations


   Skills:
 + Level 2.2 Fighting
 + Level 3.7 Dodging
 + Level 4.5 Unarmed Combat
 + Level 2.5 Spellcasting
 + Level 4.5 Transmutations
 + Level 1.7 Poison Magic


You had 4 spell levels left.
You knew the following spells:

 Your Spells              Type           Power        Failure   Level  Hunger
a - Spider Form           Tmut/Pois      #.........   21%         3    ###....
b - Sticks to Snakes      Tmut           ##......     6%          2    ###....


Dungeon Overview and Level Annotations

Branches:
Dungeon (4/15)
 Temple: D:4-7

Altars:
Dithmenos
Nemelex Xobeh
Okawaru
Wu Jian

Annotations:
D:4 Dracia's ghost, amateur GrFi


Message History

Dracia's ghost is too close now for your liking.
Dracia's ghost completely misses you. Dracia's ghost hits you!
Casting: Spider Form
Confirm with . or Enter, or press ? or * to list all spells.
You turn into a venomous arachnid creature.
Your +0 robe melds into your body.
Dracia's ghost hits you!!
Ouch! That really hurt!
* * * LOW HITPOINT WARNING * * *
Your transformation is almost over.
Your transformation has ended.
Your +0 robe unmelds from your body.
Dracia's ghost whispers, "There is no future for you."
Dracia's ghost says very slowly, "There's no hope."
Dracia's ghost shrieks, "You must not fail where I succeeded!"
Dracia's ghost hits you!
* * * LOW HITPOINT WARNING * * *
There is a stone staircase leading up here.
Dracia's ghost hits you.
You die...

...# ##.##.##.# .#.#
#######.##.##.###[
.#.#
#...........>..>..
.#.#
#.#####.##.##.####
.#.## #)### #.##.##.#
....###...###.......#
.....##..........####
#....##...######.#
##.#.##..## #@#
##.#.##..# #W#
...#.##..# #.#
.........#######.#
.......#.........#
######...#########
#####


You could see Dracia's ghost.

Vanquished Creatures
  The ghost of Litary the Skirmisher, an amateur HuWn (D:3)
  An iguana (D:3)
  3 adders
  An ooze (D:3)
  An adder skeleton (D:4)
  A worm (D:3)
  3 dart slugs
  4 leopard geckos
  5 orcs (D:3)
  2 ball pythons (D:1)
  4 bats
  2 giant cockroaches
  3 hobgoblins (D:1)
  2 quokkas (D:2)
  8 goblins
  4 kobolds
  2 rats (D:1)
47 creatures vanquished.

Notes
Turn   | Place    | Note
-------+----------+-------------------------------------------
     0 | D:1      | Oravi the Merfolk Transmuter began the quest for the Orb.
     0 | D:1      | Reached XP level 1. HP: 15/15 MP: 3/3
     1 | D:1      | Found a shadowy altar of Dithmenos.
    79 | D:1      | Reached XP level 2. HP: 19/21 MP: 3/5
   739 | D:2      | Found an ornate altar of the Wu Jian Council.
   774 | D:2      | Reached XP level 3. HP: 23/26 MP: 4/6
   778 | D:2      | Learned a level 2 spell: Sticks to Snakes
   782 | D:2      | Learned a level 3 spell: Spider Form
   831 | D:2      | Found an iron altar of Okawaru.
   845 | D:2      | Became a worshipper of Warmaster Okawaru
  1143 | D:3      | Found a sparkling altar of Nemelex Xobeh.
  1158 | D:3      | Noticed Litary's ghost (amateur HuWn)
  1375 | D:3      | Killed Litary's ghost
  1375 | D:3      | Reached * piety under Okawaru
  1375 | D:3      | Reached skill level 1 in Poison Magic
  1375 | D:3      | Reached XP level 4. HP: 24/33 MP: 2/7
  1375 | D:3      | Reached XP level 5. HP: 28/38 MP: 2/8
  1997 | D:4      | Noticed Dracia's ghost (amateur GrFi)
  2597 | D:4      | Slain by Dracia's ghost

Skill      XL: |  1  2  3 |
---------------+----------+-----
Transmutations | 3 4 |  4.5
Unarmed Combat | 4 |  4.5
Fighting       | 2 |  2.2
Dodging        | 3 |  3.7
Poison Magic   | 1 |  1.7
Spellcasting   | |  2.5

Action                   |  1- 3 |  4- 6 || total
-------------------------+-------+-------++-------
Melee: Unarmed           |    91 |    46 ||   137
       Headbutt          |     5 |       ||     5
       Punch             |     1 |       ||     1
 Cast: Beastly Appendage |    15 |       ||    15
       Spider Form       |     8 |    12 ||    20
       Sticks to Snakes  |       |     2 ||     2
  Use: Scroll            |       |    10 ||    10
 Stab: Sleeping          |     2 |     1 ||     3
  Eat: Chunk             |     3 |     7 ||    10
Armor: Robe              |    14 |     1 ||    15
       Skin              |     1 |     3 ||     4
Dodge: Dodged            |    57 |    45 ||   102
